TOP OF THE 1ST |
Great Falls Voyagers batting - Pitching for Princeton Rays : LHP John Sylvester
|
Pitching: LHP John Sylvester
|
|
Batting: RHB Andy Cotton
|
0-0: Ball 1-0: Swinging Strike 1-1: Called Strike 1-2: Ball 2-2: Ball 3-2: Ground out 5-3 (Groundball, 5, EV 108.8 MPH)
|
Batting: RHB Mitch Cuadros
|
0-0: Foul Ball, location: 2F 0-1: Foul Ball, location: 2F 0-2: Ground out 6-3 (Groundball, 6, EV 87.5 MPH)
|
Batting: RHB Russ Cornett
|
0-0: Called Strike 0-1: SINGLE (Groundball, 56D, EV 80.6 MPH) (infield hit)
|
Batting: RHB Jake Feinstein
|
0-0: Ball 1-0: Called Strike 1-1: Foul Ball, location: 2F 1-2: Ball 2-2: Ball 3-2: Foul Ball, location: 2F 3-2: SINGLE (Groundball, 34D, EV 94.4 MPH) Russ Cornett to second Russ Cornett to third
|
Batting: RHB Brad Adams Jr.
|
0-0: Called Strike 0-1: Ball 1-1: Foul Ball, location: 2F 1-2: Ball 2-2: Fly out, F8 (Flyball, 8LD, EV 100.6 MPH)
|
Top of the 1st over - 0 runs, 2 hits, 0 errors, 2 left on base; Great Falls 0 - Princeton 0 |
BOTTOM OF THE 1ST |
Princeton Rays batting - Pitching for Great Falls Voyagers : LHP Chuck Dobbins
|
Pitching: LHP Chuck Dobbins
|
|
Batting: RHB Luis Jara
|
0-0: Foul Ball, location: 2F 0-1: Ball 1-1: Foul Ball, location: 2F 1-2: Ball 2-2: Foul Ball, location: 2F 2-2: Ball 3-2: Foul Ball, location: 2F 3-2: Base on Balls
|
Batting: RHB Toshikatsu Omori
|
0-0: Ball 1-0: Ball 2-0: Ball 3-0: Base on Balls Luis Jara to second
|
Batting: RHB Sandoval Serzedelo
|
0-0: Ball 1-0: Called Strike 1-1: Ball 2-1: SINGLE (Groundball, 34D, EV 101.2 MPH) Luis Jara to third Toshikatsu Omori to second Runner from 3rd tries for Home, SAFE, throw by RF to home
|
Batting: SHB Dan Trainer
|
0-0: Ball 1-0: Foul Ball, location: 2F 1-1: Grounds into double play, 6-4-3 (Groundball, 56, EV 105.0 MPH) Toshikatsu Omori to third
|
Batting: RHB Bobby Ross
|
0-0: Ball 1-0: Ball 2-0: Foul Ball, location: 2F 2-1: Ball 3-1: Base on Balls
|
Batting: RHB Willie Acevedo
|
0-0: Ground out 6-3 (Groundball, 6S, EV 86.9 MPH)
|
Bottom of the 1st over - 1 run, 1 hit, 0 errors, 2 left on base; Great Falls 0 - Princeton 1 |
TOP OF THE 2ND |
Great Falls Voyagers batting - Pitching for Princeton Rays : LHP John Sylvester
|
Batting: RHB Francisco Marin
|
0-0: Called Strike 0-1: Foul Ball, location: 2F 0-2: Strikes out swinging
|
Batting: RHB Billy Grubbs
|
0-0: Foul Ball, location: 2F 0-1: Ground out 6-3 (Groundball, 6M, EV 105.6 MPH)
|
Batting: RHB Enrique Gomez
|
0-0: Ball 1-0: Foul Ball, location: 2F 1-1: Ground out 6-3 (Groundball, 6S, EV 65.0 MPH)
|
Top of the 2nd over - 0 runs, 0 hits, 0 errors, 0 left on base; Great Falls 0 - Princeton 1 |
BOTTOM OF THE 2ND |
Princeton Rays batting - Pitching for Great Falls Voyagers : LHP Chuck Dobbins
|
Batting: RHB Cody Gebo
|
0-0: Foul Ball, location: 2F 0-1: Swinging Strike 0-2: Ball 1-2: Ground out 6-3 (Groundball, 6, EV 104.4 MPH)
|
Batting: LHB Matt Pena
|
0-0: Ball 1-0: Swinging Strike 1-1: Foul Ball, location: 2F 1-2: Ball 2-2: Ball 3-2: Foul Ball, location: 2F 3-2: Foul Ball, location: 2F 3-2: Base on Balls
|
Batting: RHB Jeff Standridge
|
0-0: Ball 1-0: Ball 2-0: Foul Ball, location: 2F 2-1: Swinging Strike 2-2: Strikes out swinging
|
Batting: RHB Luis Jara
|
0-0: Ball 1-0: Ball 2-0: Fly out, F9 (Flyball, 89M, EV 96.9 MPH)
|
Bottom of the 2nd over - 0 runs, 0 hits, 0 errors, 1 left on base; Great Falls 0 - Princeton 1 |
TOP OF THE 3RD |
Great Falls Voyagers batting - Pitching for Princeton Rays : LHP John Sylvester
|
Batting: RHB David Cortez
|
0-0: Called Strike 0-1: Called Strike 0-2: Strikes out swinging
|
Batting: RHB Andy Cotton
|
0-0: Called Strike 0-1: Ball 1-1: Ball 2-1: Foul Ball, location: 2F 2-2: Foul Ball, location: 2F 2-2: Strikes out swinging
|
Batting: RHB Mitch Cuadros
|
0-0: Ball 1-0: Ball 2-0: Called Strike 2-1: Called Strike 2-2: Ball 3-2: Base on Balls
|
Batting: RHB Russ Cornett
|
0-0: Ball 1-0: Ball 2-0: Ball 3-0: Called Strike 3-1: Base on Balls Mitch Cuadros to second
|
Batting: RHB Jake Feinstein
|
0-0: Ball 1-0: Ball 2-0: Called Strike 2-1: Ball 3-1: 3-RUN HOME RUN (Flyball, 7LD, EV 92.5 MPH), Distance : 330 ft
|
Batting: RHB Brad Adams Jr.
|
0-0: Ball 1-0: Ball 2-0: Ball 3-0: Base on Balls
|
Batting: RHB Francisco Marin
|
0-0: Called Strike 0-1: Ball 1-1: Swinging Strike 1-2: Ball 2-2: Fly out, F7 (Flyball, 78S, EV 91.2 MPH)
|
Top of the 3rd over - 3 runs, 1 hit, 0 errors, 1 left on base; Great Falls 3 - Princeton 1 |
BOTTOM OF THE 3RD |
Princeton Rays batting - Pitching for Great Falls Voyagers : LHP Chuck Dobbins
|
Batting: RHB Toshikatsu Omori
|
0-0: Ground out 4-3 (Groundball, 4, EV 84.4 MPH)
|
Batting: RHB Sandoval Serzedelo
|
0-0: Foul Ball, location: 2F 0-1: Ball 1-1: Ball 2-1: Ground out 6-3 (Groundball, 6, EV 87.5 MPH)
|
Batting: SHB Dan Trainer
|
0-0: Ball 1-0: Ball 2-0: Ball 3-0: Called Strike 3-1: Base on Balls
|
Batting: RHB Bobby Ross
|
0-0: Ball 1-0: Called Strike 1-1: Fielders Choice at 2nd, 6-4 (Groundball, 6, EV 105.6 MPH)
|
Bottom of the 3rd over - 0 runs, 0 hits, 0 errors, 1 left on base; Great Falls 3 - Princeton 1 |
TOP OF THE 4TH |
Great Falls Voyagers batting - Pitching for Princeton Rays : LHP John Sylvester
|
Batting: RHB Billy Grubbs
|
0-0: Ball 1-0: Ball 2-0: Called Strike 2-1: Ball 3-1: Base on Balls
|
Batting: RHB Enrique Gomez
|
0-0: Foul Ball, location: 2F 0-1: Foul Ball, location: 2F 0-2: Ball 1-2: Fly out, F8 (Flyball, 89M, EV 94.4 MPH)
|
Batting: RHB David Cortez
|
0-0: Called Strike 0-1: Ball 1-1: Ball 2-1: Swinging Strike 2-2: Strikes out looking
|
Batting: RHB Andy Cotton
|
0-0: Ball Billy Grubbs is caught stealing 2nd base 2-4
|
Top of the 4th over - 0 runs, 0 hits, 0 errors, 0 left on base; Great Falls 3 - Princeton 1 |
BOTTOM OF THE 4TH |
Princeton Rays batting - Pitching for Great Falls Voyagers : LHP Chuck Dobbins
|
Batting: RHB Willie Acevedo
|
0-0: Called Strike 0-1: Foul Ball, location: 2F 0-2: Strikes out swinging
|
Batting: RHB Cody Gebo
|
0-0: Called Strike 0-1: DOUBLE (Line Drive, 78D, EV 110.0 MPH)
|
Batting: LHB Matt Pena
|
0-0: Fly out, F5 (Popup, 56S, EV 56.2 MPH)
|
Batting: RHB Jeff Standridge
|
0-0: Ball 1-0: Ball 2-0: Ball 3-0: Called Strike 3-1: Foul Ball, location: 2F 3-2: Base on Balls
|
Batting: RHB Luis Jara
|
0-0: Ball 1-0: Fly out, F4 (Line Drive, 4, EV 68.1 MPH)
|
Bottom of the 4th over - 0 runs, 1 hit, 0 errors, 2 left on base; Great Falls 3 - Princeton 1 |
TOP OF THE 5TH |
Great Falls Voyagers batting - Pitching for Princeton Rays : LHP John Sylvester
|
Batting: RHB Andy Cotton
|
0-0: Ball 1-0: SINGLE (Line Drive, 89S, EV 108.8 MPH)
|
Batting: RHB Mitch Cuadros
|
0-0: Called Strike 0-1: Ball 1-1: Ball 2-1: Ball Andy Cotton is caught stealing 2nd base 2-4 3-1: Ground out 5-3 (Groundball, 5, EV 103.1 MPH)
|
Pitching: LHP Joel Brown
|
|
Batting: RHB Russ Cornett
|
0-0: Ball 1-0: Ball 2-0: Ball 3-0: Called Strike 3-1: Base on Balls
|
Batting: RHB Jake Feinstein
|
0-0: Ball 1-0: Ball 2-0: Ball 3-0: Base on Balls Russ Cornett to second
|
Batting: RHB Brad Adams Jr.
|
0-0: Foul Ball, location: 2F 0-1: Ball 1-1: Swinging Strike 1-2: Foul Ball, location: 2F 1-2: Ball 2-2: Fly out, F3 (Popup, 3SF, EV 70.6 MPH)
|
Top of the 5th over - 0 runs, 1 hit, 0 errors, 2 left on base; Great Falls 3 - Princeton 1 |
BOTTOM OF THE 5TH |
Princeton Rays batting - Pitching for Great Falls Voyagers : LHP Chuck Dobbins
|
Batting: RHB Toshikatsu Omori
|
0-0: Ball 1-0: Ball 2-0: Ball 3-0: Base on Balls
|
Batting: RHB Sandoval Serzedelo
|
0-0: Ball 1-0: Ball 2-0: Called Strike 2-1: Foul Ball, location: 2F 2-2: Fly out, F8 (Flyball, 8RM, EV 81.9 MPH)
|
Batting: SHB Dan Trainer
|
0-0: Called Strike 0-1: Swinging Strike 0-2: Ball 1-2: Ball 2-2: Ball 3-2: Strikes out looking
|
Batting: RHB Bobby Ross
|
0-0: Ball Toshikatsu Omori is caught stealing 2nd base 2-4
|
Bottom of the 5th over - 0 runs, 0 hits, 0 errors, 0 left on base; Great Falls 3 - Princeton 1 |
TOP OF THE 6TH |
Great Falls Voyagers batting - Pitching for Princeton Rays : LHP Joel Brown
|
Batting: RHB Francisco Marin
|
0-0: Foul Ball, location: 2F 0-1: Ball 1-1: Ball 2-1: Swinging Strike 2-2: Strikes out swinging
|
Batting: RHB Billy Grubbs
|
0-0: Ball 1-0: Ball 2-0: Ball 3-0: Called Strike 3-1: Base on Balls
|
Batting: RHB Enrique Gomez
|
0-0: Ball 1-0: Ball 2-0: Foul Ball, location: 2F 2-1: Foul Ball, location: 2F 2-2: Ball 3-2: Grounds out, U3 (Groundball, 3L, EV 111.2 MPH)
|
Batting: RHB David Cortez
|
0-0: Ball Billy Grubbs is caught stealing 3rd base 2-5
|
Top of the 6th over - 0 runs, 0 hits, 0 errors, 0 left on base; Great Falls 3 - Princeton 1 |
BOTTOM OF THE 6TH |
Princeton Rays batting - Pitching for Great Falls Voyagers : LHP Chuck Dobbins
|
Pitching: LHP Humberto Carrera
|
|
Batting: RHB Bobby Ross
|
0-0: SINGLE (Groundball, 56D, EV 103.1 MPH)
|
Batting: RHB Willie Acevedo
|
0-0: Foul Ball, location: 2F 0-1: Ball 1-1: Foul Ball, location: 2F 1-2: Strikes out swinging
|
Pinch Hitting: RHB Tony Bonilla
|
0-0: Called Strike 0-1: Swinging Strike 0-2: Foul Ball, location: 2F 0-2: SINGLE (Popup, 6MD, EV 69.4 MPH) Bobby Ross to second
|
Pinch Hitting: RHB Gabe Wilcoxon
|
0-0: Called Strike 0-1: Called Strike 0-2: Ball 1-2: Ball 2-2: Ball 3-2: Foul Ball, location: 2F 3-2: Base on Balls Bobby Ross to third Tony Bonilla to second
|
Pinch Hitting: LHB Ian Cranton
|
0-0: Called Strike 0-1: Called Strike 0-2: Ball 1-2: Grounds into fielders choice 4-2 (Groundball, 4, EV 78.1 MPH) Tony Bonilla to third Gabe Wilcoxon to second
|
Batting: RHB Luis Jara
|
0-0: Ball 1-0: Ball 2-0: Ball 3-0: Called Strike 3-1: Called Strike 3-2: Foul Ball, location: 2F 3-2: Base on Balls Tony Bonilla scores Gabe Wilcoxon to third Ian Cranton to second
|
Batting: RHB Toshikatsu Omori
|
0-0: Ball 1-0: Fielders Choice at 2nd, 6-4 (Groundball, 6, EV 103.1 MPH)
|
Bottom of the 6th over - 1 run, 2 hits, 0 errors, 3 left on base; Great Falls 3 - Princeton 2 |
TOP OF THE 7TH |
Great Falls Voyagers batting - Pitching for Princeton Rays : LHP Joel Brown
|
Now at 2B: Dave Northam
|
|
Now in LF: Gabe Wilcoxon
|
|
Now in RF: Tony Bonilla
|
|
Batting: RHB David Cortez
|
0-0: Ground out 6-3 (Groundball, 6, EV 105.0 MPH)
|
Batting: RHB Andy Cotton
|
0-0: Called Strike 0-1: Ball 1-1: Foul Ball, location: 2F 1-2: Ball 2-2: Ball 3-2: Foul Ball, location: 2F 3-2: Fly out, F9 (Flyball, 89S, EV 88.1 MPH)
|
Pitching: RHP Jose Arredondo
|
|
Batting: RHB Mitch Cuadros
|
0-0: Called Strike 0-1: Ball 1-1: Ball 2-1: Foul Ball, location: 2F 2-2: Foul Ball, location: 2F 2-2: Ball 3-2: Foul Ball, location: 2F 3-2: Base on Balls
|
Batting: RHB Russ Cornett
|
0-0: Ball 1-0: SINGLE (Groundball, 56D, EV 94.4 MPH) Mitch Cuadros to second
|
Batting: RHB Jake Feinstein
|
0-0: Ball 1-0: Called Strike 1-1: Ball 2-1: Called Strike 2-2: Foul Ball, location: 2F 2-2: Ball 3-2: Ground out 4-3 (Groundball, 4, EV 80.6 MPH)
|
Top of the 7th over - 0 runs, 1 hit, 0 errors, 2 left on base; Great Falls 3 - Princeton 2 |
BOTTOM OF THE 7TH |
Princeton Rays batting - Pitching for Great Falls Voyagers : LHP Humberto Carrera
|
Batting: RHB Sandoval Serzedelo
|
0-0: Swinging Strike 0-1: Ground out 6-3 (Groundball, 6, EV 105.0 MPH)
|
Batting: SHB Dan Trainer
|
0-0: Foul Ball, location: 2F 0-1: Ground out 4-3 (Groundball, 4, EV 76.9 MPH)
|
Pitching: RHP Bin Li
|
|
Batting: RHB Bobby Ross
|
0-0: Ball 1-0: Fly out, F7 (Flyball, 7LS, EV 90.6 MPH)
|
Bottom of the 7th over - 0 runs, 0 hits, 0 errors, 0 left on base; Great Falls 3 - Princeton 2 |
TOP OF THE 8TH |
Great Falls Voyagers batting - Pitching for Princeton Rays : RHP Jose Arredondo
|
Batting: RHB Brad Adams Jr.
|
0-0: Foul Ball, location: 2F 0-1: Ball 1-1: Called Strike 1-2: Ball 2-2: Fly out, F7 (Flyball, 78D, EV 109.4 MPH)
|
Batting: RHB Francisco Marin
|
0-0: Called Strike 0-1: Called Strike 0-2: Ball 1-2: Foul Ball, location: 2F 1-2: Foul Ball, location: 2F 1-2: SOLO HOME RUN (Flyball, 7D, EV 94.4 MPH), Distance : 361 ft
|
Batting: RHB Billy Grubbs
|
0-0: Ball 1-0: Ball 2-0: Ball 3-0: Base on Balls
|
Batting: RHB Enrique Gomez
|
0-0: Foul Ball, location: 2F 0-1: Foul Ball, location: 2F 0-2: Ball 1-2: Foul Ball, location: 2F 1-2: Ball 2-2: Ball 3-2: Fielders Choice at 2nd, 4-6 (Groundball, 34, EV 106.2 MPH)
|
Batting: RHB David Cortez
|
0-0: Called Strike 0-1: SINGLE (Line Drive, 78M, EV 103.1 MPH) Enrique Gomez to second
|
Batting: RHB Andy Cotton
|
0-0: Ball Wild Pitch! Enrique Gomez to third David Cortez to second 1-0: Called Strike 1-1: Swinging Strike 1-2: Strikes out looking
|
Top of the 8th over - 1 run, 2 hits, 0 errors, 2 left on base; Great Falls 4 - Princeton 2 |
BOTTOM OF THE 8TH |
Princeton Rays batting - Pitching for Great Falls Voyagers : RHP Bin Li
|
Batting: RHB Willie Acevedo
|
0-0: Ball 1-0: SINGLE (Line Drive, 5L, EV 94.4 MPH)
|
Batting: RHB Tony Bonilla
|
0-0: Ball 1-0: Ball 2-0: Ball 3-0: Base on Balls Willie Acevedo to second
|
Pinch Hitting: SHB Omar Cervantes
|
0-0: Foul Ball, location: 2F 0-1: Ball 1-1: Ball 2-1: Called Strike 2-2: Ball 3-2: SINGLE (Groundball, 6M, EV 96.9 MPH) Willie Acevedo to third Tony Bonilla to second Runner from 3rd tries for Home, SAFE, throw by CF to home
|
Pitching: RHP Mike Brungardt
|
|
Batting: LHB Dave Northam
|
0-0: Ball 1-0: Fielders Choice at 2nd, 6-4 (Groundball, 6, EV 110.6 MPH) Tony Bonilla to third
|
Batting: RHB Luis Jara
|
0-0: Ball 1-0: Ball 2-0: Grounds into double play, 6-4-3 (Groundball, 56, EV 86.9 MPH)
|
Bottom of the 8th over - 1 run, 2 hits, 0 errors, 1 left on base; Great Falls 4 - Princeton 3 |
TOP OF THE 9TH |
Great Falls Voyagers batting - Pitching for Princeton Rays : RHP Jose Arredondo
|
Pitching: RHP Matt Roberts
|
|
Now in LF: Sandoval Serzedelo
|
|
Now in CF: Gilbert Hoareau
|
|
Batting: RHB Mitch Cuadros
|
0-0: Called Strike 0-1: Foul Ball, location: 2F 0-2: Fly out, F9 (Flyball, 9D, EV 106.9 MPH)
|
Batting: RHB Russ Cornett
|
0-0: Ball 1-0: Ball 2-0: Ball 3-0: Called Strike 3-1: Called Strike 3-2: Fly out, F8 (Flyball, 8LD, EV 90.0 MPH)
|
Batting: RHB Jake Feinstein
|
0-0: Ground out 6-3 (Groundball, 6, EV 78.8 MPH)
|
Top of the 9th over - 0 runs, 0 hits, 0 errors, 0 left on base; Great Falls 4 - Princeton 3 |
BOTTOM OF THE 9TH |
Princeton Rays batting - Pitching for Great Falls Voyagers : RHP Mike Brungardt
|
Batting: RHB Toshikatsu Omori
|
0-0: Called Strike 0-1: SINGLE (Groundball, 6MS, EV 73.1 MPH) (infield hit)
|
Batting: RHB Sandoval Serzedelo
|
0-0: Called Strike 0-1: Ball 1-1: Ball 2-1: Called Strike 2-2: Foul Ball, location: 2F 2-2: Strikes out swinging
|
Batting: SHB Dan Trainer
|
0-0: Called Strike 0-1: Foul Ball, location: 2F 0-2: Ball 1-2: Ball 2-2: Foul Ball, location: 2F 2-2: Strikes out swinging
|
Batting: RHB Bobby Ross
|
0-0: Ball 1-0: Ball 2-0: Ball 3-0: Base on Balls Toshikatsu Omori to second
|
Pinch Hitting: LHB Jonathan Watt
|
0-0: Called Strike 0-1: Called Strike 0-2: Fly out, F8 (Flyball, 8LM, EV 91.9 MPH)
|
Bottom of the 9th over - 0 runs, 1 hit, 0 errors, 2 left on base; Great Falls 4 - Princeton 3 |
|